 Dungeon Crawl Stone Soup version 0.27.0-1-g7a089689b8 (webtiles) character file.

Game seed: 12305506670353624649

10726 DearestLeader the Destroyer (level 11, -12/86 HPs)
             Began as a Black Draconian Conjurer on Aug 10, 2021.
             Was a Priest of Vehumet.
             Mangled by a skeletal warrior (21 damage)
             ... on level 11 of the Dungeon.
             The game lasted 00:31:39 (14159 turns).

DearestLeader the Destroyer (DrCj)                 Turns: 14159, Time: 00:31:39

Health: -12/86     AC: 15    Str: 17    XL:     11   Next: 40%
Magic:  8/18       EV: 13    Int: 21    God:    Vehumet [***...]
Gold:   600        SH:  0    Dex:  9    Spells: 10/20 levels left

rFire    + . .     SeeInvis .   t - +2 flail (vorpal)
rCold    + . .     Faith    .   (no shield)
rNeg     . . .     Spirit   .   (armour unavailable)
rPois    .         Reflect  .   Q - +2 hat
rElec    +         Harm     .   k - scarf {rC+ rF+}
rCorr    .         Rampage  .   G - +3 pair of gauntlets of War {Slay+5}
Will     .....                  u - +1 pair of boots
Stlth    ++........             (no amulet)
HPRegen  0.24/turn              E - +6 ring of strength
MPRegen  0.16/turn              K - ring of flight

@: short of breath, flying
A: breathe lightning, AC +7, unfitting armour, electricity resistance,
cold-blooded
a: Breathe Lightning, Renounce Religion


You were on level 11 of the Dungeon.
You worshipped Vehumet.
Vehumet was most pleased with you.
You visited 2 branches of the dungeon, and saw 12 of its levels.
You also visited: Sewer and Ossuary.

You collected 600 gold pieces.

Inventory:

Hand Weapons
 a - a +1 short sword of electrocution
 p - a +4 quarterstaff of venom
 t - a +2 vorpal flail (weapon)
 v - a +2 halberd of freezing
 y - a +2 whip of distortion
Missiles
 e - 11 javelins
 r - 3 throwing nets
 P - 2 boomerangs of dispersal (quivered)
Armour
 k - a scarf of resistance (worn)
 q - a +0 cloak
 u - a +1 pair of boots (worn)
 G - the +3 pair of gauntlets of War (worn) {Slay+5}
   (You acquired it on level 7 of the Dungeon)

   Slay:      It affects your accuracy & damage with ranged weapons and melee
   (+5).
 Q - a +2 hat (worn)
Magical Staves
 c - a staff of conjuration
Jewellery
 E - a +6 ring of strength (left hand)
 H - an amulet of guardian spirit
 K - a ring of flight (right hand)
 T - a ring of ice
Wands
 m - a wand of paralysis (6)
 C - a wand of polymorph (10)
 N - a wand of flame (3)
Scrolls
 g - a scroll of torment
 j - 3 scrolls of teleportation
 n - 6 scrolls of enchant weapon
 x - 2 scrolls of vulnerability
 z - a scroll of summoning
 B - 2 scrolls of magic mapping
 F - 2 scrolls of fog
 L - 2 scrolls of blinking
 M - 2 scrolls of enchant armour
 R - a scroll of immolation {unknown}
 U - a scroll of fear
Potions
 b - 2 potions of resistance
 d - 2 potions of flight
 f - 2 potions of attraction
 h - 4 potions of heal wounds
 i - a potion of mutation {unknown}
 l - 8 potions of curing
 o - 3 potions of might {unknown}
 s - 3 potions of ambrosia {unknown}
 w - 7 potions of haste
 A - a potion of magic {unknown}
 D - 2 potions of lignification {unknown}
 I - a potion of cancellation {unknown}
 J - 2 potions of brilliance {unknown}
 S - a potion of degeneration {unknown}


   Skills:
 - Level 5.0 Fighting
 + Level 5.6(5.8) Maces & Flails
 - Level 1.7(4.0) Staves
 + Level 4.7 Dodging
 - Level 2.2 Stealth
 + Level 5.1 Spellcasting
 * Level 13.9 Conjurations
 - Level 4.0 Hexes


You had 10 spell levels left.
You knew the following spells:

 Your Spells              Type           Power      Damage    Failure   Level
a - Magic Dart            Conj           100%       1d8       1%          1
b - Searing Ray           Conj           100%       3d7       1%          2
c - Fulminant Prism       Conj/Hex       21%        3d13      1%          4
d - Dazzling Flash        Conj/Hex       86%        N/A       1%          3

Your spell library contained the following spells:

 Spells                   Type           Power      Damage    Failure   Level
 Stone Arrow              Conj/Erth      68%        3d11      1%          3
 Corona                   Hex            24%        N/A       1%          1
 Iskenderun's Mystic Bla  Conj/Tloc      34%        2d8       1%          4
 Tukima's Dance           Hex            22%        N/A       6%          3
 Ensorcelled Hibernation  Hex/Ice        26%        N/A       7%          2
 Frozen Ramparts          Ice            10%        1d3       9%          3
 Summon Small Mammal      Summ           20%        N/A       11%         1
 Summon Guardian Golem    Hex/Summ       13%        N/A       14%         3
 Call Canine Familiar     Summ           5%         N/A       32%         3
 Ice Form                 Ice/Tmut       5%         N/A       71%         4
 Summon Ice Beast         Ice/Summ       5%         N/A       71%         4
 Dispersal                Tloc           2%         N/A       100%        6
 Disjunction              Tloc           2%         N/A       100%        8


Dungeon Overview and Level Annotations

Branches:
Dungeon (11/15)            Temple (1/1) D:6            Lair (0/6) D:11
  Sewer (visited)         Ossuary (visited)
    Orc: D:9-12

Altars:
Ashenzari
Cheibriados
Dithmenos
Elyvilon
Fedhas
Gozag
Hepliaklqana
Kikubaaqudgha
Makhleb
Nemelex Xobeh
Okawaru
Qazlal
Ru
Sif Muna
Trog
Uskayaw
Vehumet
Wu Jian
Xom
Yredelemnul
Zin
The Shining One

Shops:
D:1 :   D:5 =   D:8 (   D:10 (

Annotations:
D:9 3 runed translucent doors


Innate Abilities, Weirdness & Mutations

You can breathe wild blasts of lightning.
Your glossy black scales are hard. (AC +7)
You cannot fit into any form of body armour.
You are resistant to electric shocks. (rElec)
You are cold-blooded and may be slowed by cold attacks.


Message History

The skeletal warrior hits you with a +0 vampiric war axe!
* * * LOW HITPOINT WARNING * * *
The skeletal warrior draws strength from your wounds!
You have got your breath back.
You feel much better.
The skeletal warrior hits you but does no damage.
You breathe a wild blast of lightning!
The orb of electricity explodes!
The orb of electricity engulfs you! You resist.
The orb of electricity engulfs the skeletal warrior!
The skeletal warrior is almost destroyed.
The orb of electricity engulfs the skeletal warrior!!
The skeletal warrior is almost destroyed.
You hear a howl!
The skeletal warrior hits you but does no damage.
The skeletal warrior hits you from afar with a +0 glaive.
Unknown command.
The skeletal warrior barely misses you.
Casting: Searing Ray (safe; 1% risk of failure)
Confirm with . or Enter, or press ? or * to list all spells.
Aiming: Searing Ray (safe; 1% risk of failure)
Press: ? - help, Shift-Dir - straight line, f - skeletal warrior, p - skeletal warrior
Aim: a skeletal warrior, wielding a +3 halberd of flaming (lightly damaged, 83% to hit)
The searing ray hits the skeletal warrior.
The skeletal warrior is almost destroyed.
The searing ray misses the skeletal warrior.
The searing ray hits the skeletal warrior but does no damage.
The skeletal warrior is lightly damaged. (Press . to maintain the ray.)
The skeletal warrior hits you with a +0 vampiric war axe.
The skeletal warrior hits you from afar with a +0 glaive.
The searing ray hits the skeletal warrior.
The skeletal warrior is almost destroyed.
The searing ray hits the skeletal warrior but does no damage.
The skeletal warrior is severely damaged.
The searing ray hits the skeletal warrior but does no damage.
The skeletal warrior is lightly damaged.
The skeletal warrior hits you with a +0 vampiric war axe!
* * * LOW HITPOINT WARNING * * *
The skeletal warrior hits you from afar with a +0 glaive!!
You die...

..................#
..................#
..##......##.>....##
..######'###......#
...................#
..................##
..................#
#####...####'##...
..###..@## .##
....'..z.# .... ...
....#..zz# .... ...
....#....# ... ...≈
#.. ###.## #.# ...≈≈
#>.####.####.##.≈≈≈≈
...........#.....≈≈≈
..........z'.....≈≈≈
...........#z.....≈≈


You could see 3 skeletal warriors.

Vanquished Creatures
  2 two-headed ogres
  Pikel (D:6)
  A manticore (D:11)
  A kobold demonologist (D:11)
  3 trolls (D:11)
  Grinder (D:4)
  5 slime creatures (D:11)
  A shadow (D:9)
  A wyvern (D:8)
  4 wraiths
  Eustachio (D:6)
  A steam dragon (D:8)
  An acid dragon (D:9)
  A water moccasin (D:5)
  Duvessa (D:5)
  5 orc warriors
  A hornet zombie (D:8)
  2 black bears
  An ogre (D:6)
  3 necrophages
  2 centaurs
  4 elf zombies
  2 lemures (D:6)
  5 kobold brigands
  A wyvern zombie (D:7)
  2 scorpions (D:6)
  Dowan (D:5)
  2 water moccasin zombies
  2 gnoll sergeants
  5 wights
  An electric eel (D:9)
  2 howler monkeys
  A bullfrog zombie (D:7)
  6 centaur zombies
  8 hounds
  9 orc priests
  Crazy Yiuf (D:2)
  A human zombie (D:7)
  A jelly (D:5)
  A gnoll shaman (D:10)
  A human skeleton (D:7)
  Jessica (D:3)
  2 centaur skeletons (D:6)
  Natasha (twice) (D:2)
  4 iguanas
  5 orc wizards
  3 mummies (Ossuary)
  19 gnolls
  7 adders
  A shadow imp (Sewer)
  5 ufetubi (Sewer)
  3 worms
  41 orcs
  A bat (D:2)
  An endoplasm (D:1)
  7 giant cockroaches
  2 gnoll zombies (Ossuary)
  4 hobgoblins
  27 kobolds
  4 quokkas
  8 ball pythons
  A frilled lizard (D:3)
  4 goblins
  5 goblin zombies (Ossuary)
  2 hobgoblin zombies (Ossuary)
  7 kobold zombies
  An orc skeleton (D:7)
  9 rats
271 creatures vanquished.

Vanquished Creatures (others)
  A kobold (D:11)
  17 fulminant prisms
  A plant (D:7)
19 creatures vanquished.

Grand Total: 290 creatures vanquished

Notes
Turn   | Place    | Note
-------+----------+-------------------------------------------
     0 | D:1      | DearestLeader the Draconian Conjurer began the quest for
                  | the Orb.
     0 | D:1      | Reached XP level 1. HP: 14/14 MP: 3/3
    11 | D:1      | Found Boleor's Book Shop.
   573 | D:1      | Reached XP level 2. HP: 5/20 MP: 0/5
   576 | D:1      | Learned a level 2 spell: Searing Ray
  1339 | D:2      | Reached skill level 5 in Conjurations
  1339 | D:2      | Reached XP level 3. HP: 26/26 MP: 0/6
  1431 | D:2      | Noticed Natasha
  1437 | D:2      | Killed Natasha
  1612 | D:2      | Found a runed translucent door.
  1613 | D:2      | Noticed Crazy Yiuf
  1648 | D:2      | Reached XP level 4. HP: 20/33 MP: 2/7
  2135 | D:2      | Noticed Natasha
  2139 | D:2      | Killed Natasha
  2140 | D:2      | Reached skill level 6 in Conjurations
  2310 | D:2      | Killed Crazy Yiuf
  2384 | D:3      | Reached XP level 5. HP: 38/38 MP: 8/8
  2395 | D:3      | Found a faded altar of an unknown god.
  3236 | D:3      | Noticed Jessica
  3238 | D:3      | Killed Jessica
  3239 | D:3      | Reached skill level 7 in Conjurations
  3347 | D:4      | Reached XP level 6. HP: 32/45 MP: 6/9
  3549 | D:4      | Found a sacrificial altar of Ru.
  3606 | D:4      | Noticed Grinder
  3610 | D:4      | Paralysed by Grinder for 3 turns
  3631 | D:4      | Killed Grinder
  3632 | D:4      | Reached skill level 8 in Conjurations
  3632 | D:4      | Your scales start taking on a glossy black colour.
  3632 | D:4      | Reached XP level 7. HP: 47/50 MP: 1/10
  3632 | D:4      | Gained mutation: You are resistant to electric shocks.
                  | (rElec) [Black Draconian growth]
  3680 | D:4      | Found a shimmering altar of Xom.
  3752 | D:4      | Found a glowing drain.
  3756 | Sewer    | Entered a sewer
  3971 | Sewer    | Found an ancient bone altar of Kikubaaqudgha.
  4117 | Sewer    | Reached skill level 9 in Conjurations
  4649 | D:4      | Found a bloodstained altar of Trog.
  4930 | D:4      | Learned a level 4 spell: Fulminant Prism
  4955 | D:5      | Entered Level 5 of the Dungeon
  5001 | D:5      | Found a broken altar of Ashenzari.
  5119 | D:5      | Noticed Dowan
  5125 | D:5      | Noticed Duvessa
  5133 | D:5      | Killed Duvessa
  5133 | D:5      | Killed Dowan
  5134 | D:5      | Reached skill level 1 in Fighting
  5134 | D:5      | Reached skill level 1 in Maces & Flails
  5134 | D:5      | Reached XP level 8. HP: 37/59 MP: 1/11
  5485 | D:5      | Found Becsae's Jewellery Shoppe.
  5575 | D:5      | Reached skill level 1 in Staves
  5862 | D:5      | Reached skill level 10 in Conjurations
  6547 | D:6      | Found a hide-covered altar of Uskayaw.
  6906 | D:6      | Reached XP level 9. HP: 56/71 MP: 14/14
  7402 | D:6      | Noticed Eustachio
  7404 | D:6      | Found a staircase to the Ecumenical Temple.
  7410 | D:6      | Killed Eustachio
  7415 | Temple   | Entered the Ecumenical Temple
  7588 | Temple   | Became a worshipper of Vehumet
  7661 | D:6      | Noticed Pikel
  7670 | D:6      | Killed Pikel
  7671 | D:6      | Reached skill level 11 in Conjurations
  7671 | D:6      | Reached skill level 1 in Hexes
  8104 | D:7      | Identified a scroll of acquirement
  8106 | D:7      | Acquired the +3 pair of gauntlets of War {Slay+5}
  8107 | D:7      | Found the +3 pair of gauntlets of War {Slay+5}
  8244 | D:7      | Found a sand-covered staircase.
  8260 | Ossuary  | Entered an ossuary
  8436 | Ossuary  | Reached skill level 5 in Fighting
  8680 | D:7      | Reached * piety under Vehumet
  8680 | D:7      | Offered knowledge of Shock by Vehumet.
  8771 | D:7      | Reached skill level 5 in Spellcasting
  9111 | D:7      | Reached XP level 10. HP: 61/81 MP: 17/17
  9594 | D:8      | Learned a level 3 spell: Dazzling Flash
  9808 | D:8      | Reached skill level 12 in Conjurations
  9882 | D:8      | Found an opulent altar of Gozag.
  9958 | D:8      | Reached ** piety under Vehumet
  9958 | D:8      | Offered knowledge of Poisonous Vapours by Vehumet.
 10035 | D:8      | Found Faoteon's Antique Weapon Emporium.
 10981 | D:9      | Found a runed translucent gate.
 10981 | D:9      | Found a runed translucent gate.
 10981 | D:9      | Found a runed translucent gate.
 11037 | D:9      | Noticed a two-headed ogre
 11046 | D:9      | Killed a two-headed ogre
 11425 | D:9      | Reached skill level 13 in Conjurations
 11594 | D:9      | Noticed a tengu warrior
 11938 | D:10     | Entered Level 10 of the Dungeon
 11959 | D:10     | Offered knowledge of Stone Arrow by Vehumet.
 11977 | D:10     | Noticed a two-headed ogre
 12610 | D:10     | Reached *** piety under Vehumet
 12694 | D:10     | Noticed a two-headed ogre
 12701 | D:10     | Killed a two-headed ogre
 12973 | D:10     | Found Gorevum's Antique Weapon Shoppe.
 13104 | D:11     | Found a staircase to the Lair.
 13113 | D:11     | Noticed a manticore
 13113 | D:11     | Noticed a skeletal warrior
 13115 | D:11     | Noticed a skeletal warrior
 13136 | D:11     | Reached XP level 11. HP: 60/86 MP: 12/18
 13255 | D:11     | Reached skill level 5 in Maces & Flails
 13602 | D:11     | HP: 4/86 [very large slime creature (48)]
 14143 | D:11     | Noticed a skeletal warrior
 14146 | D:11     | Noticed a skeletal warrior
 14159 | D:11     | Mangled by a skeletal warrior

Illustrated notes

Levels and vault maps discovered:
D:1:      lightli_arrival_maybe_door_vault, layout_basic, serial_shops,
          nicolae_shop_stone
D:2:      layout_basic, chequers_serial_rivers_room_a, uniq_crazy_yiuf_cottage,
          uniq_natasha
D:3:      layout_loops_ring, chequers_ecumenical_altar_twisty, uniq_jessica
D:4:      layout_cave_pools, mainiacjoe_overflow_paths, bloody_trog,
          kennysheep_little_box, gup_sewer_entry_spiral,
          chequers_serial_rivers_micro_b, uniq_grinder
D:5:      layout_basic, nicolae_ashenzari_panopticon, serial_shops,
          nicolae_take_the_stairs, uniq_duvessa
D:6:      layout_loops_corners, mainiacjoe_overflow_tiny_flanked,
          minmay_temple_entry_wispy, minivault_26, minmay_pentangle,
          uniq_eustachio, uniq_pikel
D:7:      layout_basic, nicolae_ossuary_entry_catacombs, kennysheep_boxes
D:8:      layout_basic, grunt_gozag_breadcrumbs, serial_shops, shop,
          nicolae_wwwww
D:9:      layout_rooms, biasface_ghost_orc_armoury, nicolae_water_bricks
D:10:     layout_rooms, serial_shops, nicolae_lakefront_shop
D:11:     layout_gridville, erik_lair_island, dk_noncrumbling_4
Temple:   eino_temple_rhombus

Skill      XL: |  1  2  3  4  5  6  7  8  9 10 11 |
---------------+----------------------------------+-----
Conjurations   | 5 6 7 8 9 10 11 13 | 13.9
Dodging        | 2 3 4 |  4.7
Fighting       | 1 3 5 |  5.0
Maces & Flails | 1 4 5 |  5.6
Staves         | 1 |  1.7
Spellcasting   | 3 5 |  5.1
Hexes          | 3 4 |  4.0
Stealth        | 2 |  2.2

Action                   |  1- 3 |  4- 6 |  7- 9 | 10-12 || total
-------------------------+-------+-------+-------+-------++-------
Melee: Short sword       |    34 |    20 |       |       ||    54
       Tailslap          |     2 |     4 |    27 |    25 ||    58
       Quarterstaff      |       |    42 |   204 |       ||   246
       Flail             |       |       |    65 |   149 ||   214
Throw: Boomerang         |       |       |       |     4 ||     4
 Cast: Magic Dart        |    12 |     1 |     4 |     5 ||    22
       Searing Ray       |     4 |    12 |    26 |    36 ||    78
       Fulminant Prism   |       |       |     3 |    14 ||    17
       Dazzling Flash    |       |       |       |     3 ||     3
 Abil: Breathe Lightning |       |       |       |     2 ||     2
  Use: Scroll            |       |     6 |     9 |     6 ||    21
       Potion            |       |     2 |       |     4 ||     6
 Stab: Sleeping          |     4 |       |     3 |       ||     7
       Distracted        |       |       |     2 |       ||     2
       Invisible         |       |       |       |     2 ||     2
Armor: Skin              |     4 |    23 |   203 |   174 ||   404
Dodge: Dodged            |    20 |    49 |   289 |   233 ||   591
